 Dungeon Crawl Stone Soup version 0.29-a0-919-gd064cfad1c (webtiles) character file.

Game seed: 3395505248774782473

1255 xian the Shooter (level 8, -4/79 HPs)
             Began as an Ogre Arcane Marksman on July 27, 2022.
             Was an Initiate of Gozag.
             Killed by divine providence
             ... invoked by an orc priest
              (9 damage)
             ... on level 6 of the Dungeon.
             The game lasted 00:24:19 (8020 turns).

xian the Shooter (Ogre Arcane Marksman)             Turns: 8020, Time: 00:24:20

Health: -4/79      AC:  4    Str: 15    XL:     8   Next: 51%
Magic:  0/12       EV: 10    Int: 14    God:    Gozag
Gold:   437        SH:  0    Dex: 11    Spells: 12/13 levels left

rFire   . . .      SeeInvis .   l - +1 arbalest
rCold   + . .      Faith    .   (shield currently unavailable)
rNeg    . . .      Spirit   +   c - +1 robe
rPois   +          Reflect  .   (helmet restricted)
rElec   .          Harm     .   (no cloak)
rCorr   .          Rampage  .   (gloves unavailable)
Will    .....                   (boots unavailable)
Stlth   +.........              e - amulet "Trusted Companion" {Spirit rPois rC+ Slay+2}
HPRegen 0.23/turn               (no ring)
MPRegen 0.13/turn               (no ring)

@: no status effects
A: large, unfitting armour, tough skin 1
a: Renounce Religion, Potion Petition, Call Merchant, Bribe Branch


You were on level 6 of the Dungeon.
You worshipped Gozag.
Gozag was aware of your devotion.
You visited 1 branch of the dungeon, and saw 6 of its levels.
You also visited: Sewer.

You collected 492 gold pieces.
You paid 55 gold pieces to Gozag.

Inventory:

Hand Weapons
 h - a +4 dagger of venom
 l - a +1 arbalest (weapon)
Armour
 c - a +1 robe (worn)
 k - the +0 helmet "Mitueg Siu" {Harm SInv}
   (You took it off Robin on level 2 of the Dungeon)

   SInv:      It lets you see invisible.
   Harm:      It increases damage dealt and taken.
Jewellery
 e - the amulet "Trusted Companion" (around neck) {Spirit rPois rC+ Slay+2}
   (You acquired it on level 2 of the Dungeon)

   [amulet of guardian spirit]

   It causes incoming damage to be divided between your reserves of health and
   magic.
   Slay:      It affects your accuracy & damage with ranged weapons and melee
   (+2).
   rC:        It protects you from cold.
   rPois:     It protects you from poison.
 g - an amulet of regeneration
 s - a ring of resist corrosion
Wands
 f - a wand of light (12)
 t - a wand of roots (12)
Scrolls
 b - 3 scrolls of vulnerability
 n - a scroll of amnesia
 q - 2 scrolls of butterflies
 u - 2 scrolls of summoning
Potions
 d - a potion of lignification
 o - 4 potions of flight
 p - a potion of mutation {unknown}
 r - a potion of resistance {unknown}


   Skills:
 + Level 4.8 Fighting
 + Level 1.3 Short Blades
 + Level 5.8 Ranged Weapons
 + Level 3.0 Dodging
 + Level 1.1 Stealth
 + Level 3.1 Spellcasting
 + Level 3.8 Hexes


You had 12 spell levels left.
You knew the following spells:

 Your Spells              Type           Power      Damage    Failure   Level
a - Slow                  Hex            48%        N/A       4%          1

Your spell library contained the following spells:

 Spells                   Type           Power      Damage    Failure   Level
 Foxfire                  Conj/Fire      8%         2x1d4     22%         1
 Summon Small Mammal      Summ           8%         N/A       22%         1
 Inner Flame              Hex/Fire       7%         N/A       28%         3
 Portal Projectile        Hex/Tloc       14%        N/A       28%         3
 Summon Guardian Golem    Hex/Summ       7%         N/A       28%         3
 Passwall                 Tmut/Erth      1%         N/A       32%         2
 Poisonous Vapours        Pois/Air       4%         N/A       32%         2
 Cause Fear               Hex            6%         N/A       41%         4
 Call Canine Familiar     Summ           2%         N/A       54%         3
 Conjure Flame            Conj/Fire      2%         6-21      54%         3
 Gell's Gravitas          Tloc           2%         N/A       54%         3
 Ignite Poison            Fire/Tmut/Pois 2%         N/A       54%         3
 Teleport Other           Tloc           2%         N/A       54%         3
 Flame Wave               Conj/Fire      2%         2d4       91%         4
 Ice Form                 Ice/Tmut       2%         N/A       91%         4
 Sticky Flame             Conj/Fire      2%         2d3       91%         4
 Manifold Assault         Tloc           2%         N/A       99%         5
 Dispersal                Tloc           1%         N/A       100%        6
 Eringya's Noxious Bog    Tmut/Pois      1%         N/A       100%        6
 Corpse Rot               Necr/Pois/Air  Unusable   N/A       N/A         4

Dungeon Overview and Level Annotations

Branches:
Dungeon (6/15)              Sewer (visited)
 Temple: D:4-7

Altars:
Ashenzari
Fedhas
Gozag
Hepliaklqana
Kikubaaqudgha
Okawaru
Trog
The Shining One


Innate Abilities, Weirdness & Mutations

You are too large for most types of armour.
You have tough skin. (AC +1)


Message History

The orc warrior is heavily wounded.
A magic dart appears from out of thin air!
The magic dart hits you.
Fire: l) +1 arbalest
Press: ? - help, Q - select action, (/) - cycle Shift-Dir - straight line, f/p - orc warrior
Aim: an orc warrior, wielding a +0 arbalest and wearing a +0 plate armour (heavily wounded, slow, 59% to hit)
You shoot a bolt. The bolt hits the orc warrior.
The orc warrior is severely wounded.
Your surroundings suddenly seem different.
The orc warrior shouts!
You hear a shout! x3
Casting: Slow (safe; 4% risk of failure)
Confirm with . or Enter, or press ? or * to list all spells.
Aiming: Slow (safe; 4% risk of failure)
Press: ? - help, Shift-Dir - straight line, f - orc warrior
Aim: an orc warrior, wielding a +0 trident and wearing a +0 plate armour (moderately wounded, chance to affect: 50%)
The orc warrior seems to slow down.
There is an open door here.
The orc priest casts a cantrip, but nothing happens.
The orc warrior closely misses you.
The orc priest invokes the aid of Beogh against you.
You struggle to resist.
The orc priest attacks as you move away!
The orc priest hits you with a +0 club.
The orc priest hits you but does no damage.
The orc warrior hits you from afar with a +0 trident!
* * * LOW HITPOINT WARNING * * *
The orc priest attacks as you move away!
The orc priest barely misses you.
The orc priest attacks as you move away!
The orc priest closely misses you.
The orc warrior is no longer moving slowly.
The orc priest mumbles some strange prayers to Beogh against you.
Beogh smites you!
* * * LOW HITPOINT WARNING * * *
There is an open door here.
The orc priest casts a cantrip, but nothing happens.
The orc priest mumbles some strange prayers to Beogh against you.
Beogh smites you!
You die...
Your body crumbles into a pile of gold.

#.....................#...#...
#.....................#...#...
#....#####'####'#.....#...####
+....#..........'.....#.......
#....#..........#.....'.......
#....#..........#.....########
#....#####..##..#.............
..#### #..#######...........
..+ #...@..oo............
#......#.o...##..###.
##########o.####.##.#
#....$......# #o.$##.....##
#....'.._....
^.......#...#......##
.......#...##.$....# $
.......#...####'#..#


You could see 2 orc priests and an orc.

Vanquished Creatures
  Duvessa (D:5)
  An orc warrior (D:5)
  An ogre (D:5)
  2 kobold brigands (Sewer)
  3 scorpions
  Dowan (D:5)
  A jelly (D:5)
  A howler monkey (D:5)
  2 hounds
  2 orc priests
  An iron imp (D:6)
  2 iguanas
  3 orc wizards
  Robin (D:2)
  8 adders
  3 gnolls (D:3)
  3 river rats
  A white imp (D:5)
  2 worms
  2 dart slugs
  18 orcs
  8 ball pythons
  3 bats
  3 endoplasms
  5 giant cockroaches
  16 goblins
  9 hobgoblins
  2 jackals
  3 quokkas
  A goblin skeleton (D:6)
  5 goblin zombies (D:6)
  A hobgoblin zombie (D:6)
  6 kobolds
  2 kobold skeletons (D:6)
  6 rats
129 creatures vanquished.

Notes
Turn   | Place    | Note
-------+----------+-------------------------------------------
     0 | D:1      | xian the Ogre Arcane Marksman began the quest for the Orb.
     0 | D:1      | Reached XP level 1. HP: 19/19 MP: 2/2
   173 | D:1      | Reached XP level 2. HP: 27/27 MP: 3/3
   273 | D:2      | Got Pesyop's Atlas of Variable Dislocation
   599 | D:2      | Reached skill level 2 in Ranged Weapons
   621 | D:2      | Reached XP level 3. HP: 16/35 MP: 4/4
   958 | D:2      | Identified the +0 helmet "Mitueg Siu" {Harm SInv}
   958 | D:2      | Noticed Robin
  1882 | D:2      | Identified a scroll of acquirement
  1883 | D:2      | Acquired the amulet "Trusted Companion" {Spirit rPois rC+
                  | Slay+2}
  1915 | D:2      | Reached XP level 4. HP: 42/42 MP: 5/5
  1960 | D:2      | Killed Robin
  2710 | D:3      | Reached skill level 3 in Ranged Weapons
  2884 | D:3      | Found an iron altar of Okawaru.
  2976 | D:3      | Reached XP level 5. HP: 24/50 MP: 2/7
  3292 | D:3      | Found a hazy altar of Hepliaklqana.
  3761 | D:4      | Reached XP level 6. HP: 25/61 MP: 6/8
  3829 | D:4      | Found a glowing drain.
  3840 | Sewer    | Entered a sewer
  4118 | Sewer    | Reached skill level 4 in Ranged Weapons
  4400 | Sewer    | Found a glowing silver altar of Zin.
  4675 | D:4      | Found a broken altar of Ashenzari.
  4793 | D:4      | Reached XP level 7. HP: 67/67 MP: 6/9
  4835 | D:4      | Found an opulent altar of Gozag.
  4846 | D:4      | Became a worshipper of Gozag Ym Sagoz the Greedy
  4901 | D:5      | Entered Level 5 of the Dungeon
  5722 | D:5      | HP: 1/68 [ogre/+0 giant club (22)]
  5727 | D:5      | Reached skill level 5 in Ranged Weapons
  6180 | D:5      | Found an ancient bone altar of Kikubaaqudgha.
  6184 | D:5      | Found a blossoming altar of Fedhas.
  6206 | D:5      | Reached skill level 1 in Short Blades
  6572 | D:5      | Reached XP level 8. HP: 59/78 MP: 7/11
  6664 | D:5      | Noticed Duvessa
  6667 | D:5      | Noticed Dowan
  6696 | D:5      | Killed Duvessa
  6697 | D:5      | Reached skill level 1 in Stealth
  6730 | D:5      | Killed Dowan
  6733 | D:5      | HP: 3/79 [poisoned by Dowan]
  7387 | D:6      | Found a bloodstained altar of Trog.
  7746 | D:6      | Found a glowing golden altar of the Shining One.
  7992 | D:6      | HP: 2/79 [something/bolt of light (12)]
  8020 | D:6      | Killed from afar by an orc priest

Illustrated notes

Levels and vault maps discovered:
D:1:      psy_arrival_fountain, layout_basic, chequers_serial_rivers_large_b
D:2:      layout_rooms, uniq_robin
D:3:      layout_loops_corners, marbit_many_paths, okawaru_gym_becter
D:4:      layout_cave_pools, amcnicky_altar_gilded,
          lemuel_coloured_pillars_altar, lightli_sewer_entry_pipes
D:5:      layout_loops_corners, grunt_temple_overflow_growth_and_decay,
          kennysheep_generic_room_15, uniq_duvessa
D:6:      layout_gridville, mainiacjoe_overflow_small_starburst,
          nicolae_tso_besieged_by_evil, enter_ossuary_2

Skill      XL: |  1  2  3  4  5  6  7  8 |
---------------+-------------------------+-----
Hexes          | 3 |  3.8
Ranged Weapons | 2 3 4 5 |  5.8
Fighting       | 2 3 4 |  4.8
Dodging        | 2 3 |  3.0
Spellcasting   | 2 3 |  3.1
Short Blades   | 1 |  1.3
Stealth        | 1 |  1.1

Action                   |  1- 3 |  4- 6 |  7- 9 || total
-------------------------+-------+-------+-------++-------
Melee: Club              |     4 |       |       ||     4
       Dagger            |       |    46 |    51 ||    97
 Fire: Sling             |   155 |   160 |   107 ||   422
       Arbalest          |       |       |    54 ||    54
 Cast: Slow              |     2 |    14 |    26 ||    42
  Use: Scroll            |     2 |     8 |     7 ||    17
       Potion            |       |     4 |     4 ||     8
 Stab: Sleeping          |       |     1 |       ||     1
Armor: Robe              |    26 |    46 |    36 ||   108
Dodge: Dodged            |    58 |    76 |    63 ||   197

Table legend: (Time is in decaauts)
 A = Elapsed time spent in this place.
 B = Non-inter-level travel time spent in this place.
 C = Inter-level travel time spent in this place.
 D = Time resting spent in this place.
 E = Time spent auto-exploring this place.
 F = Levels seen in this place.
 G = Mean time per level.
                   A        B        C        D        E       F      G
               +--------+--------+--------+--------+--------+-----+--------+
         Total |   8250 |   8060 |    190 |    184 |   5952 |   7 | 1178.6 |
       Dungeon |   7599 |   7409 |    190 |    184 |   5429 |   6 | 1266.5 |
         Sewer |    651 |    651 |      0 |      0 |    522 |   1 |  651.0 |
               +--------+--------+--------+--------+--------+-----+--------+

Top non-repeatable levels by time:
     D:5: 2704 daAuts
     D:2: 1261 daAuts
     D:1: 1144 daAuts
     D:3: 1087 daAuts
     D:4: 947 daAuts
   Sewer: 651 daAuts
     D:6: 453 daAuts
